← All builds
Geo / Armada / Economy first / OBSERVED BUILD

Blitz raid

Armada Geo build order · Supreme Isthmus

Geo rushes a Vehicle Plant before its advanced metal extractor and sends Blitz tanks raiding from around 4:26, well ahead of the usual T2 push timing.

Usually blows up the commander for T2 (65%)

#raid #rush · 116 distinct matches · 37 players · 4% of Armada Geo games · team won 51% of 117 · Recently observed

THE CATCH, AND WHAT COMES WITH IT
  • BlitzT1 vehicle raid from 4:26 · 6% of role by thenFrom the Vehicle Plant. Only 6% of Geo games have it by then; others who build it get it around 7:24
  • Vehicle PlantVehicle Plant in 99%17% of all Geo games by then
  • BlitzBlitz in 54%3% of all Geo games by then

Started with Blitz (90%), Pincer (9%), Rover (1%).

Where those units first fight, in 116 games with kill data: in the middle 78%, on their own side 18%.

Those units destroy a typical 1,421 metal of enemy units by 15:00.

Then transitions into Starlight (20% of army), Jaguar (12% of army).

HOW TO PLAY IT

Key timing: Blitz raid by 4:15

  1. Open mex and Bot Lab same as the usual Geo start.
  2. Get geo up on schedule to keep pace with role norms.
  3. Rush Vehicle Plant and send Blitz tanks out to raid early.
  4. Reclaim Vehicle Plant in most games to recover metal.
  5. Switch into Starlight and Jaguar army as advanced geo finishes.

Phase by phase

TYPICAL OF ITS 116 GAMES · AGAINST STANDARD GEO
  1. 1
  2. 2
  3. 3
  4. 4
PLAY THE OPENING

Follow the example game's first 6:00 step by step: what to build now, what comes next, and where it goes. At 1× it keeps pace with your own game.

  1. 1

    Up to the Bot Lab

    Economy
    • Metal Extractor3Mex
    • Wind Turbine4Wind
    Order
    1. Bot LabBot Lab after 3 mex, 4 winddone ~1:12, middle half 0:59–1:18

    By 0:56 in all: 3 mex · 4 wind

    The example game in this phase · 3 steps
    1. Mex ×3
    2. Wind ×3
    3. Bot LabBot Labdone 1:13 · typical 1:12
  2. 2

    Bot Lab to T1 vehicle raid

    Economy
    • Metal Extractor1Mex
    • Wind Turbine1Wind−2 vs standard
    • Energy Converter6Converter
    Order
    1. Geothermal PowerplantGeo after 4 mex, 4 wind, 1 con turret
    2. Bot LabEat Bot Lab
    3. Vehicle PlantVehicle Plant after 4 mex, 5 wind, 6 converter
    4. BlitzT1 vehicle raid after 4 mex, 5 wind, 6 converter
    Builders
    • Construction Turret3 Con turret
    • Lazarus5 Lazarus
    • Construction Bot1 Con bot
    • Construction Bot1 Con bot for allies
    • Lazarus1 Lazarus for allies

    Some games also: energy storage (50%)

    By 4:26 in all: 4 mex · 5 wind · 1 geo · 6 converter · 1 energy storage · 3 con turret

    The example game in this phase · 19 steps
    1. Wind
    2. LazarusLazarus
    3. Wind
    4. LazarusLazarus ×2
    5. Construction BotCon bot
    6. LazarusLazarus
    7. Construction BotCon bot
    8. LazarusLazarusfor Beach sea
    9. Construction BotCon botfor Beach sea
    10. Mex
    11. Geothermal PowerplantGeodone 3:09 · typical 3:31
    12. Construction BotCon botfor Pond
    13. Con turret ×4
    14. Energy storage
    15. Con turret
    16. Bot LabEat Bot Labreclaimed for its metal
    17. Vehicle PlantVehicle Plantdone 4:28 · typical 4:22
    18. Con turret
    19. BlitzBlitzdone 4:31
  3. 3

    T1 vehicle raid to Advanced Vehicle Plant

    Order
    1. Vehicle PlantEat Vehicle Plant
    2. Advanced Geothermal PowerplantAdvanced Geothermal Powerplant after 5 wind, 6 converter, 6 con turretin 53% of games
    3. Advanced Vehicle PlantAdvanced Vehicle Plant after 10 wind, 9 converter, 6 con turretdone ~8:43, middle half 8:05–10:01
    Builders
    • Construction Turret3 Con turret
    • Construction Vehicle1 Con vehicle
    Army
    • Blitz11 Blitz +11 vs standard

    Some games also: converter (45%) · wind (44%) · energy storage (39%)

    The standard build makes here, this one skips: 3 wind · 7 converter

    By 8:04 in all: 4 mex · 8 wind (standard 11) · 1 geo · 1 Advanced Geothermal Powerplant · 8 converter (standard 12) · 1 energy storage

    The example game in this phase · 20 steps
    1. BlitzBlitz ×3
    2. Advanced Metal ExtractorT2 mexdone 5:34 · typical 5:59
    3. BlitzBlitz
    4. Vehicle PlantEat Vehicle Plantreclaimed for its metal
    5. Bot LabBot Labdone 5:36
    6. Advanced Metal ExtractorT2 mex
    7. PawnPawn ×4
    8. SentrySentry
    9. PawnPawn ×4
    10. SentrySentry
    11. PawnPawn
    12. Advanced Metal ExtractorT2 mex
    13. PawnPawn ×3
    14. TickTick
    15. LazarusLazarus
    16. Advanced Geothermal PowerplantAdvanced Geothermal Powerplantdone 8:04 · typical 7:51
    17. LazarusLazarus
    18. Advanced Metal ExtractorT2 mex
    19. LazarusLazarus
    20. CenturionCenturion ×2for Pond
  4. 4

    Advanced Vehicle Plant to 10:00

    Some games also: wind (41%) · Starlight (36%)

    The standard build makes here, this one skips: 4 wind · 2 converter · 2 Starlight

    By 10:00 in all: 4 mex · 12 wind (standard 18) · 1 geo · 1 Advanced Geothermal Powerplant · 10 converter (standard 16) · 1 energy storage

    The example game in this phase · 181 steps
    1. CenturionCenturion ×4for Pond
    2. Construction BotCon bot
    3. Advanced Bot LabAdvanced Bot Labdone 9:06
    4. Bot LabEat Bot Labreclaimed for its metal
    5. Advanced Metal ExtractorT2 mex
    6. ButlerButler ×2
    7. Wind
    8. ButlerButler
    9. Wind
    10. ButlerButler
    11. Wind ×2
    12. ButlerButler
    13. Wind ×2
    14. ButlerButler
    15. Wind
    16. Advanced Construction BotT2 con bot
    17. Converter
    18. Wind ×2
    19. ButlerButler
    20. Wind ×2
    21. Converter
    22. SprinterSprinter
    23. SharpshooterSniper botdone 10:17
    24. Wind ×2
    25. Converter
    26. Wind
    27. Converter
    28. Wind ×2
    29. Converter
    30. SharpshooterSniper bot
    31. Wind ×2
    32. ArbalestArbalest
    33. Wind
    34. Converter
    35. Wind ×2
    36. Converter
    37. Wind
    38. Con turret
    39. SharpshooterSniper bot
    40. Wind ×2
    41. Converter
    42. Wind
    43. Con turret
    44. Wind
    45. Converter
    46. Wind
    47. Con turret
    48. Wind ×2
    49. Converter
    50. Con turret
    51. SharpshooterSniper bot
    52. Wind ×2
    53. Bot LabBot Labdone 11:07
    54. Wind
    55. Converter
    56. Wind ×2
    57. Converter
    58. TickTick
    59. Wind
    60. TickTick
    61. Wind
    62. TickTick
    63. Converter
    64. ArbalestArbalest
    65. TickTick
    66. SharpshooterSniper bot
    67. TickTick
    68. Wind
    69. TickTick
    70. Converter
    71. TickTick
    72. Wind
    73. TickTick
    74. Converter
    75. TickTick
    76. Wind
    77. TickTick ×2
    78. Converter
    79. TickTick
    80. Wind
    81. TickTick
    82. Converter
    83. TickTick
    84. Wind
    85. SharpshooterSniper bot
    86. TickTick
    87. Wind
    88. Converter
    89. SprinterSprinter
    90. TickTick ×2
    91. SprinterSprinter
    92. TickTick
    93. Converter
    94. TickTick
    95. SprinterSprinter
    96. TickTick
    97. ArbalestArbalest
    98. BeamerBeamer
    99. SprinterSprinter
    100. Converter
    101. TickTick ×2
    102. Converter
    103. WelderWelder
    104. TickTick
    105. WelderWelder
    106. TickTick
    107. Converter
    108. WelderWelder
    109. TickTick ×2
    110. Converter
    111. TickTick
    112. WelderWelder
    113. TickTick ×2
    114. WelderWelder
    115. TickTick
    116. Converter
    117. TickTick
    118. SharpshooterSniper bot
    119. TickTick ×2
    120. Converter
    121. TickTick ×2
    122. SharpshooterSniper bot
    123. TickTick
    124. Converter
    125. TickTick ×2
    126. Converter
    127. TickTick
    128. SharpshooterSniper bot
    129. Converter
    130. TickTick ×2
    131. Converter
    132. BeamerBeamer
    133. TickTick
    134. CompassRadar bot
    135. TickTick
    136. SmugglerJammer bot
    137. TickTick
    138. Converter
    139. WelderWelder
    140. Wind
    141. TickTick ×2
    142. WelderWelder
    143. TickTick
    144. Wind
    145. Converter
    146. BeamerBeamer
    147. TickTick ×3
    148. WelderWelder
    149. Wind
    150. Converter
    151. TickTick
    152. Wind
    153. Converter
    154. WelderWelder
    155. TickTick ×2
    156. BeamerBeamer
    157. Wind
    158. TickTick
    159. WelderWelder
    160. Converter
    161. Advanced Metal ExtractorT2 mex
    162. TickTick
    163. Wind
    164. TickTick
    165. SharpshooterSniper bot
    166. TickTick ×2
    167. CenturionCenturion
    168. SharpshooterSniper bot
    169. CenturionCenturion
    170. BeamerBeamer ×2
    171. SharpshooterSniper bot
    172. BeamerBeamer
    173. CenturionCenturion
    174. Advanced Metal ExtractorT2 mex
    175. BeamerBeamer
    176. CompassRadar bot
    177. CenturionCenturion
    178. SmugglerJammer bot
    179. Sneaky PeteSneaky Pete
    180. CenturionCenturion
    181. WelderWelder

Counts are medians over the build's games: half of them build more, half fewer. The example game is Ram_Me_Daddy's (31 OS, 19/09/2026); pick another.

Team trades

IN AT LEAST 30% OF ITS GAMES

You hand over

  • Lazarus1 Lazarus to Beach sea or Frontfirst at 2:15 · in 69% of games
  • Construction Bot1 Con bot to Beach seafirst at 2:41 · in 83% of games
  • Advanced Construction Vehicle1 T2 con vehicle to Front or Suicide frontfirst at 9:24 · in 41% of games

You get

  • Advanced Construction Bot1 T2 con bot from Techfirst at 4:58 · in 88% of games

How it plays out

Typical game of this build against the role’s standard build, running totals by minute

  • This build
  • Standard geo

Metal produced

020k40k
0:005:0010:0015:00

metal

Enemy metal destroyed

05k10k15k
0:005:0010:0015:00

metal

Own metal lost

02.5k5k7.5k
0:005:0010:0015:00

metal

117 games.

Show as table
ByMetal produced: This buildMetal produced: Standard geoEnemy metal destroyed: This buildEnemy metal destroyed: Standard geoOwn metal lost: This buildOwn metal lost: Standard geo
1:003843330000
2:009078600000
3:00163915270000
4:00263326710000
5:00411436930000
6:00604156368201300
7:007899801972509900
8:0010489113431006013400
9:001351914406139443145084
10:00163411727017934721595200
11:001918620110288917452011520
12:0021762229804499361831151605
13:0024322257306039587442872970
14:0027371285747103825059104419
15:00298693134784351020967005552
WHAT THE NUMBERS SAY

Matches standard team win rate but trades more own metal lost for a higher metal production lead, with raids fighting mostly at home.

  • + Metal production climbs to 4434 vs 3716 standard by 5:00.
  • + Enemy metal destroyed by 10:00 triples standard (1823 vs 534).
  • − Own metal lost by 10:00 jumps to 1600 vs 260 standard.
  • − Enemy metal destroyed by 15:00 still falls short of standard (8429 vs 10573).
THE EXAMPLE YOU ARE READING

Ram_Me_Daddy

31.2 OS · 19/09/2026

Open source match ↗

3 received units · includes a constructor
2599 metal received · 111626 energy received

Allied construction assistance is unknown. Timings are observations, not a promise of solo reproducibility.

Typical milestones

Bot Lab1:12Middle 50%: 0:59–1:18 · n=112
Geothermal Powerplant3:31Middle 50%: 3:15–3:41 · n=115
Vehicle Plant4:22Middle 50%: 4:07–4:48 · n=117
Advanced Metal Extractor5:59Middle 50%: 5:35–6:42 · n=109
Advanced Geothermal Powerplant7:51Middle 50%: 7:26–8:28 · n=69
Advanced Vehicle Plant8:43Middle 50%: 8:05–10:01 · n=75
Starlight9:48Middle 50%: 8:55–11:29 · n=65

Played most by

Syphos38games of this buildbadbot10games of this build0neTw06games of this buildYogaBoy1584976games of this buildTheGeneraI5games of this build